 Dungeon Crawl Stone Soup version 0.31-a0-1204-ge2c1a860ed (webtiles) character file.

Game seed: 14771764965386374310

25 freelancePsychic the Sneak (level 2, -3/24 HPs)
             Began as a Demonspawn Wanderer on Dec 12, 2023.
             Was a Follower of Qazlal.
             Slain by an adder (4 damage)
             ... on level 2 of the Dungeon.
             The game lasted 00:02:18 (1027 turns).

freelancePsychic the Sneak (Demonspawn Wanderer)    Turns: 1027, Time: 00:02:19

Health: -3/24      AC:  2    Str:  8    XL:     2   Next: 82%
Magic:  2/2        EV: 13    Int: 10    God:    Qazlal [*.....]
Gold:   48         SH:  2    Dex: 18    Spells: 1/1 levels left

rFire   . . .        n - +0 hand axe
rCold   . . .        (no shield)
rNeg    . . .        h - +0 robe
rPois   .            (no helmet)
rElec   .            (no cloak)
rCorr   .            (no gloves)
SInv    .            (no boots)
Will    .....        (no amulet)
Stlth   +++          (no ring)
HPRegen 0.24/turn    (no ring)
MPRegen 0.08/turn

%: no passive effects
@: no status effects
A: repulsion field 1
a: Renounce Religion


You were on level 2 of the Dungeon.
You worshipped Qazlal.
Qazlal was aware of your devotion.
You visited 1 branch of the dungeon, and saw 2 of its levels.

You collected 48 gold pieces.

Inventory:

Hand Weapons
 n - a +0 hand axe (weapon)
Missiles
 b - an atropa-tipped dart (quivered)
 c - a datura-tipped dart
 e - 11 poisoned darts
Armour
 h - a +0 robe (worn)
Scrolls
 a - a scroll of enchant armour {unknown}
 d - a scroll of revelation {unknown}
 g - a scroll of fog
 j - a scroll of teleportation {unknown}
 l - a scroll of enchant weapon {unknown}
 m - 3 scrolls of identify {unknown}
Potions
 i - a potion of brilliance {unknown}
 k - a potion of curing {unknown}


   Skills:
 + Level 3.2 Fighting
 - Level 1.8 Long Blades
 * Level 0.1 Axes
 - Level 1.4 Throwing
 - Level 4.5 Stealth
 + Level 0.7 Invocations


You had one spell level left.
You didn't know any spells.
Your spell library contained the following spells:

 Spells                   Type           Power      Damage    Failure   Level
 Apportation              Tloc           0%         N/A       36%         1
 Kiss of Death            Conj/Necr      0%         2d5       36%         1
 Jinxbite                 Hex            0%         N/A       50%         2
 Ozocubu's Armour         Ice            0%         N/A       75%         3
 Alistair's Intoxication  Tmut/Pois      0%         N/A       100%        5
 Metabolic Englaciation   Hex/Ice        0%         N/A       100%        5
 Simulacrum               Ice/Necr       0%         N/A       100%        6


Dungeon Overview and Level Annotations

Branches:
Dungeon (2/15)

Altars:
Qazlal


Innate Abilities, Weirdness & Mutations

You are surrounded by a mild repulsion field. (EV +2)


Message History

The kobold falls through a shaft!
The shaft crumbles and collapses.
An adder is nearby!
You hit the adder.
The adder is moderately wounded.
The adder bites you but does no damage.
You hit the adder but do no damage.
The adder is moderately wounded.
The adder bites you. The adder barely misses you.
You hit the adder.
The adder is severely wounded.
The adder closely misses you. The adder bites you.
You are poisoned.
The adder poisons you!
You hit the adder but do no damage.
The adder is severely wounded.
You feel very sick. The adder bites you.
You feel sick. The adder misses you.
You feel sick. The adder attacks as it pursues you! The adder bites you.
You hit the adder.
The adder is almost dead.
You feel sick. The adder bites you.
You barely miss the adder.
The adder is almost dead.
You feel sick. The adder completely misses you. The adder closely misses you.
You barely miss the adder.
The adder is almost dead.
You feel sick.
You are no longer poisoned.
The adder bites you.
* * * LOW HITPOINT WARNING * * *
The adder bites you.
* * * LOW HITPOINT WARNING * * *
You miss the adder.
The adder is almost dead.
The adder misses you.
You miss the adder.
The adder is almost dead.
The adder misses you. The adder bites you.
You die...

#........##.#
#.#########.# #.#
#.# #.# #.# #.# #.#
#.# #.# #.#######
##.####.......###.#
...........S@°....#
##.##########°#####
... .##.# .# # .#
.# .#


You could see an adder.

Vanquished Creatures
  2 ball pythons (D:1)
  6 endoplasms (D:1)
  3 goblins (D:1)
  3 hobgoblins (D:1)
  3 bats (D:1)
  2 frilled lizards (D:1)
  A kobold (D:1)
  3 rats (D:1)
23 creatures vanquished.

Notes
Turn   | Place    | Note
-------+----------+-------------------------------------------
     0 | D:1      | freelancePsychic the Demonspawn Wanderer began the quest
                  | for the Orb.
     0 | D:1      | freelancePsychic set off with the following items: a +0
                  | dagger, an atropa-tipped dart, a datura-tipped dart, a +0
                  | falchion, 11 poisoned darts, a +0 dagger, a scroll of fog,
                  | a +0 robe.
     0 | D:1      | Reached XP level 1. HP: 18/18 MP: 1/1
   177 | D:1      | Found a faded altar of an unknown god.
   187 | D:1      | Gained mutation: You are surrounded by a mild repulsion
                  | field. (EV +2) [demonic ancestry]
   187 | D:1      | Reached XP level 2. HP: 24/24 MP: 2/2
   208 | D:1      | Got Plato's Omnibus of Gloom
   209 | D:1      | Prayed at the altar of an unknown god.
   209 | D:1      | Became a worshipper of Qazlal Stormbringer
   209 | D:1      | Reached * piety under Qazlal
  1025 | D:2      | HP: 1/24 [adder (4)]
  1027 | D:2      | Slain by an adder

Illustrated notes

Levels and vault maps discovered:
D:1:      eino_arrival_cavern_d, layout_basic,
          shapermc_ecumenical_altar_rom_forum
D:2:      layout_basic, grunt_ministairs_10, skrybe_limestone_x, uniq_jessica

Action                     || total
---------------------------++-------
  Melee: Falchion          ||    60
         Hand axe          ||    15
   Stab: Sleeping          ||     1
         Held in net/web   ||     1
 Armour: Robe              ||    44
  Dodge: Dodged            ||    52
  Block: Other             ||     3

Table legend: (Time is in decaauts)
 A = Elapsed time spent in this place.
 B = Non-inter-level travel time spent in this place.
 C = Inter-level travel time spent in this place.
 D = Time resting spent in this place.
 E = Time spent auto-exploring this place.
 F = Levels seen in this place.
 G = Mean time per level.
                   A        B        C        D        E       F      G
               +--------+--------+--------+--------+--------+-----+--------+
         Total |   1043 |   1001 |     42 |      0 |    783 |   2 |  521.5 |
       Dungeon |   1043 |   1001 |     42 |      0 |    783 |   2 |  521.5 |
               +--------+--------+--------+--------+--------+-----+--------+

Top non-repeatable levels by time:
     D:1: 989 daAuts
     D:2: 54 daAuts
